 Dungeon Crawl Stone Soup version 0.31.0-11-ge490571c62 (webtiles) character file.

Game seed: 5791004382776056885

98 javelincjr the Changeling (level 4, -1/33 HPs)
             Began as a Demonspawn Shapeshifter on Feb 7, 2024.
             Incinerated by a bombardier beetle (4 damage)
             ... with a burning spray
             ... on level 3 of the Dungeon.
             The game lasted 00:04:47 (1843 turns).

javelincjr the Changeling (Demonspawn Shapeshifter) Turns: 1843, Time: 00:04:48

Health: -1/33      AC:  4    Str: 16    XL:     4   Next: 43%
Magic:  4/4        EV: 12    Int: 13    God:
Gold:   106        SH:  0    Dex: 13    Spells: 2/3 levels left

rFire   . . .        j - +3 dagger
rCold   . . .        (no shield)
rNeg    + . .        n - +1 leather armour "Wyoxuesiu" {rPois Will- rCorr Int+3}
rPois   +            (helmet currently unavailable)
rElec   .            (cloak currently unavailable)
rCorr   +            (gloves currently unavailable)
SInv    .            (boots currently unavailable)
Will    .....        (no amulet)
Stlth   +            g - ring of positive energy
HPRegen 0.25/turn    (no ring)
MPRegen 0.18/turn

%: no passive effects
@: on fire, beast-form, glowing
A: beast (slay +2), hooves 1, magic regeneration
a: Begin Untransformation


You were on level 3 of the Dungeon.
You were a hulking beast.
You visited 1 branch of the dungeon, and saw 3 of its levels.

You collected 106 gold pieces.

Inventory:

Hand Weapons
 j - a +3 dagger (weapon)
Missiles
 i - 6 poisoned darts (quivered)
Armour
 a - a +0 animal skin
 n - the +1 leather armour "Wyoxuesiu" (worn) {rPois Will- rCorr Int+3}
   (You found it on level 2 of the Dungeon)

   Int+3:     It affects your intelligence (+3).
   rPois:     It protects you from poison Will-: It decreases your willpower.
   rCorr:     It protects you from acid and corrosion.
Jewellery
 g - a ring of positive energy (left hand)
Talismans
 c - a beast talisman
 d - a flux talisman
Scrolls
 e - a scroll of vulnerability {unknown}
 l - a scroll of immolation {unknown}
 m - 4 scrolls of identify {unknown}
Potions
 b - a potion of lignification
 f - 2 potions of curing {unknown}
 h - 2 potions of might {unknown}
 k - a potion of heal wounds {unknown}


   Skills:
 + Level 2.1 Fighting
 + Level 2.4 Dodging
 + Level 3.2 Unarmed Combat
 * Level 3.5 Shapeshifting


You had 2 spell levels left.
You knew the following spells:

 Your Spells              Type           Power      Damage    Failure   Level
a - Sandblast             Erth           0%         2d4       36%         1

Your spell library contained the following spells:

 Spells                   Type           Power      Damage    Failure   Level
 Passwall                 Erth           0%         N/A       75%         3
 Stone Arrow              Conj/Erth      0%         3d7       75%         3
 Brom's Barrelling Bould  Conj/Erth      0%         2d3       98%         4
 Conjure Ball Lightning   Conj/Air       0%         3x3d6     100%        6
 Discord                  Hex            0%         N/A       100%        8
 Disjunction              Tloc           0%         N/A       100%        8


Dungeon Overview and Level Annotations

Branches:
Dungeon (3/15)

Altars:

Shops:
D:1 :


Innate Abilities, Weirdness & Mutations

You are a hulking beast.
Your limbs bulge with bestial killing power. (Slay +2)
You have large cloven feet.
You regenerate magic rapidly.


Message History

The burning spray hits you.
You are covered in liquid fire!
You hit the ball python.
You kill the ball python!
The liquid fire burns you!
The bombardier beetle closely misses you.
You hit the bombardier beetle.
You kick the bombardier beetle, but do no damage.
The bombardier beetle is moderately wounded.
The liquid fire burns you!
You hit the bombardier beetle. You kick the bombardier beetle.
The bombardier beetle is heavily wounded.
The liquid fire burns you!
The bombardier beetle sprays incendiary fluid at you.
The burning spray hits you.
You are even more covered in liquid fire!
You are too injured to fight recklessly!
You are too injured to fight recklessly!
You are too injured to fight recklessly!
You hit the bombardier beetle.
The bombardier beetle is severely wounded.
The liquid fire burns you!
An adder comes into view.
The adder hisses angrily.
You hit the bombardier beetle.
You kill the bombardier beetle!
The liquid fire burns you!
* * * LOW HITPOINT WARNING * * *
Your Fighting skill increases to level 2!
You have reached level 4!
You feel agile.
You shake off some of the fire as you move.
The liquid fire burns you!
* * * LOW HITPOINT WARNING * * *
You shake off some of the fire as you move.
The liquid fire burns you!
* * * LOW HITPOINT WARNING * * *
You shake off some of the fire as you move.
The liquid fire burns you!
You die...

....# #(≈..
#^........# #.§≈S.
#....#....# #.§.≈≈.
#....#...## .≈..≈.≈
#.........##.≈§≈≈≈≈
#......#..#......≈_
#.....###....≈§§≈≈≈
#.....#.h....§.§≈§§
###.........†.§§§§.
#...#.........§§≈S.
#<###.........§§≈..
#.# #............≈≈
..# #..............
####
#..............
##............#
##.........


There were no monsters in sight!

Vanquished Creatures
  A bombardier beetle (D:3)
  An adder (D:2)
  A dart slug (D:2)
  2 ribbon worms (D:2)
  6 bats
  2 endoplasms
  3 giant cockroaches
  4 goblins (D:1)
  4 hobgoblins
  6 kobolds
  A quokka (D:2)
  5 ball pythons
  2 frilled lizards (D:2)
  4 rats
42 creatures vanquished.

Notes
Turn   | Place    | Note
-------+----------+-------------------------------------------
     0 | D:1      | javelincjr the Demonspawn Shapeshifter began the quest for
                  | the Orb.
     0 | D:1      | Reached XP level 1. HP: 15/15 MP: 1/1
   307 | D:1      | Gained mutation: You regenerate magic rapidly. [demonic
                  | ancestry]
   307 | D:1      | Reached XP level 2. HP: 21/21 MP: 2/2
   347 | D:1      | Learned a level 1 spell: Sandblast
   442 | D:1      | Found Noul's Book Boutique.
   924 | D:2      | Gained mutation: You have large cloven feet. [demonic
                  | ancestry]
   924 | D:2      | Reached XP level 3. HP: 7/26 MP: 1/3
  1443 | D:2      | Identified the +1 leather armour "Wyoxuesiu" {rPois Will-
                  | rCorr Int+3}
  1833 | D:3      | Found a faded altar of an unknown god.
  1841 | D:3      | Reached XP level 4. HP: 9/33 MP: 4/4
  1843 | D:3      | Incinerated by a bombardier beetle

Illustrated notes

Levels and vault maps discovered:
D:1:      tarquinn_simple_flora_water_c, layout_loops_cross, serial_shops,
          nicolae_lakefront_shop, palyth_stone_intersect, chequers_mini_garden
D:2:      layout_basic, minmay_box_of_dots
D:3:      layout_rooms, shapermc_ecumenical_altar_starsandcircs

Skill      XL: |  1  2  3 |
---------------+----------+-----
Dodging        | 2 |  2.4
Shapeshifting  | 3 |  3.5
Unarmed Combat | 3 |  3.2
Fighting       | 2 |  2.1

Action                     |  1- 3 |  4- 6 || total
---------------------------+-------+-------++-------
  Melee: Unarmed           |    23 |       ||    23
         Dagger            |    77 |       ||    77
         Kick              |    10 |       ||    10
   Cast: Sandblast         |    10 |       ||    10
   Stab: Sleeping          |     1 |       ||     1
 Armour: Animal skin       |    40 |       ||    40
         Leather armour    |     7 |       ||     7
  Dodge: Dodged            |    45 |       ||    45
